 Dungeon Crawl Stone Soup version 0.18.1-51-gd549091e01 (webtiles) character file.

1859856 Ge0ff the Elven Catapult (level 27, 178/178 HPs)
             Began as a High Elf Summoner on June 3, 2022.
             Was a High Priest of Okawaru.
             Escaped with the Orb
             ... and 4 runes on June 5, 2022!
             The game lasted 07:00:53 (122538 turns).

Ge0ff the Elven Catapult (High Elf Summoner)      Turns: 122538, Time: 07:00:54

Health: 178/178    AC: 32    Str: 17    XL:     27
Magic:  43/43      EV: 17    Int: 25    God:    Okawaru [*****.]
Gold:   1185       SH: 17    Dex: 20    Spells: 13 memorised, 7 levels left

rFire  + . .     SeeInvis +     b - +9 quick blade (elec)
rCold  + + .     Gourm    .     e - +4 chain mail of Chimes {rElec rC+ Int+4}
rNeg   + . .     Faith    .     n - +3 shield {AC+3}
rPois  +         Spirit   +     j - +1 hat of Quqen {rCorr Str+4}
rElec  +         Dismiss  .     Q - +2 cloak {MR+}
rCorr  +         Reflect  .     U - +0 pair of gloves of Vanity {Regen+ SInv}
SustAt .         Harm     .     O - +2 pair of boots {run}
MR     +++++                    A - amulet of guardian spirit
Stlth  ..........               C - ring "Qogout" {rPois rC+ MR+}
                                L - ring of Dawn {*Contam +Fly rF+ rN+ MR++ SInv, =R}

@: very slightly contaminated, hasted, repel missiles, very quick, almost
entirely resistant to hostile enchantments, extremely unstealthy
A: slimy green scales 1, blink, blurry vision 3, deterioration 1, dopey 1, frail
1, high mp 1, magic resistance 1, weak 1
a: Blink, Heroism, Finesse, Renounce Religion, Evoke Flight
0: Orb of Zot
}: 4/15 runes: decaying, serpentine, silver, abyssal


You escaped.
You worshipped Okawaru.
Okawaru was extremely pleased with you.
You were very full.

You visited 11 branches of the dungeon, and saw 55 of its levels.
You visited the Abyss 1 time.
You visited 1 bazaar.
You also visited: Sewer, Ice Cave and Volcano.

You collected 10348 gold pieces.
You spent 9163 gold pieces at shops.

Inventory:

Hand Weapons
 a - the +9 hunting sling "Wodezo" {velocity, Int+4}
   (You found it on level 4 of the Vaults)

   Any stone fired from it inflicts extra damage.
   It affects your intelligence (+4).
 b - a +9 quick blade of electrocution (weapon)
 o - a +7 greatsling of flaming
Missiles
 g - 8 throwing nets {=f}
 s - 270 stones (quivered)
 v - 251 sling bullets
 x - 2453 arrows
Armour
 e - the +4 chain mail of Chimes (worn) {rElec rC+ Int+4}
   (You took it off an orc on level 4 of the Vaults)

   It affects your intelligence (+4).
   It protects you from cold.
   It insulates you from electricity.
 j - the +1 hat of Quqen (worn) {rCorr Str+4}
   (Okawaru gifted it to you on level 2 of the Crypt)

   It affects your strength (+4).
   It protects you from acid and corrosion.
 n - a +3 shield of protection (worn)
 O - a +2 pair of boots of running (worn)
 Q - a +2 cloak of magic resistance (worn)
 U - the +0 pair of gloves of Vanity (worn) {Regen+ SInv}
   (You bought it in a shop on level 2 of the Snake Pit)

   It lets you see invisible.
   It increases your rate of regeneration.
Rods
 w - a +9 rod of clouds (14/14)
   (You took it off a deep elf demonologist on level 3 of the Elven Halls)
Jewellery
 m - the ring "Sexkeofe" {Fire Str+3 Int+5}
   (You took it off a frost giant on level 5 of the Vaults)

   [ring of fire]

   It enhances your fire magic, and weakens your ice magic.
   It affects your strength (+3).
   It affects your intelligence (+5).
   It protects you from fire.
   It makes you vulnerable to cold.
 A - an amulet of guardian spirit (around neck)
 C - the ring "Qogout" (right hand) {rPois rC+ MR+}
   (You took it off a necromancer on level 3 of the Crypt)

   [ring of poison resistance]

   It protects you from cold.
   It protects you from poison.
   It affects your resistance to hostile enchantments.
 L - the ring of Dawn (left hand) {*Contam +Fly rF+ rN+ MR++ SInv, =R}
   (You bought it in a shop on level 2 of the Depths)

   [ring of flight]

   It protects you from fire.
   It protects you from negative energy.
   It affects your resistance to hostile enchantments.
   It lets you see invisible.
   It lets you fly.
   It causes magical contamination when unequipped.
Wands
 d - a wand of digging (22/24)
 f - a wand of iceblast (8/15)
 k - a wand of iceblast (11/15)
Scrolls
 i - 13 scrolls of identify
 y - a scroll of immolation {!r}
 B - 4 scrolls of blinking
 E - 5 scrolls of fear
 F - 6 scrolls of fog
 J - 3 scrolls of silence {!r}
 S - a scroll of summoning
 T - 11 scrolls of teleportation
 V - 3 scrolls of vulnerability {!r}
Potions
 q - 20 potions of curing
 z - 5 potions of brilliance
 D - 6 potions of agility
 H - a potion of haste {!q}
 I - 4 potions of invisibility
 K - 6 potions of magic {!q}
 M - 3 potions of might
 R - 3 potions of resistance
 W - 12 potions of heal wounds {!q}
Miscellaneous
 c - a box of beasts
 h - a fan of gales (inert)
 l - a sack of spiders
 u - a sack of spiders
 G - a sack of spiders
 N - a box of beasts
 P - a box of beasts
 X - a phial of floods
 Y - a sack of spiders {used: 2}
 Z - a stone of tremors
Comestibles
 r - 12 bread rations
 t - 8 beef jerkies


   Skills:
 + Level 18.9 Fighting
 - Level 10.0 Short Blades
 O Level 27 Slings
 - Level 15.0 Armour
 - Level 15.0 Dodging
 - Level 3.0 Stealth
 - Level 15.0 Shields
 - Level 12.0 Spellcasting
 - Level 12.0 Conjurations
 - Level 7.0 Hexes
 - Level 7.0 Charms
 - Level 7.0 Summonings
 - Level 5.0 Necromancy
 - Level 5.0 Translocations
 - Level 12.0 Transmutations
 - Level 10.0 Air Magic
 - Level 15.0 Invocations
 - Level 10.0 Evocations


You had 7 spell levels left.
You knew the following spells:

 Your Spells              Type           Power        Failure   Level  Hunger
a - Call Imp              Summ           ######..     2%          2    None
c - Blink                 Tloc           N/A          6%          2    None
d - Repel Missiles        Chrm/Air       ######       1%          2    None
e - Irradiate             Conj/Trmt      ######....   6%          5    ###....
f - Summon Guardian Gole  Hex/Summ       ######..     6%          3    None
g - Apportation           Tloc           #####.....   3%          1    None
l - Summon Lightning Spi  Summ/Air       ######..     10%         4    None
r - Regeneration          Chrm/Necr      #####.....   10%         3    None
s - Sticks to Snakes      Trmt           ######..     1%          2    None
w - Passwall              Trmt/Erth      #####.....   3%          2    None
y - Yara's Violent Unrav  Hex/Trmt       ######....   17%         5    ###....
D - Deflect Missiles      Chrm/Air       ######....   95%         6    #####..
S - Shadow Creatures      Summ           N/A          99%         6    #####..


Dungeon Overview and Level Annotations

Branches:
Dungeon (15/15)            Temple (1/1) D:5            Lair (8/8) D:8
  Swamp (4/4) Lair:4        Snake (4/4) Lair:6        Slime (0/6) Lair:6
    Orc (2/2) D:9             Elf (3/3) Orc:2        Vaults (5/5) D:13
  Crypt (3/3) Vaults:3       Tomb (0/3) Crypt:3      Depths (5/5) D:15
    Zot (5/5) Depths:5

Altars:
Ashenzari
Cheibriados
Dithmenos
Elyvilon
Fedhas
Gozag
Kikubaaqudgha
Makhleb
Nemelex Xobeh
Okawaru
Pakellas
Qazlal
Ru
Sif Muna
Trog
Vehumet
Xom
Yredelemnul
Zin
The Shining One
Beogh
Jiyva

Shops:
D:10 [   D:13 *   D:14 %   D:15 %?   Orc:2 %(*((   Snake:1 !   Snake:2 [:=[*
Snake:4 [   Vaults:1 (   Vaults:4 =   Vaults:5 (   Depths:1 %   Depths:2 =

Portals:
Hell: Depths:1 Depths:2 Depths:3 Depths:4 Depths:5
Abyss: Depths:2 Depths:4 Depths:5
Pandemonium: Depths:2 Depths:3
Ziggurat: Depths:1


Innate Abilities, Weirdness & Mutations

You are partially covered in slimy green scales (AC +2).
You can translocate small distances at will.
Scrolls take you much longer to read.
Your body sometimes deteriorates upon taking damage.
You are dopey. (Int -2)
You are frail (-10% HP).
You have an increased reservoir of magic (+10% MP).
You are resistant to hostile enchantments.
You are weak. (Str -2)


Message History

There is a stone staircase leading up here.
You climb upwards.
There is a stone staircase leading down here.
There is an open gate here.
There is a stone staircase leading up here.
You climb upwards.
There is a stone staircase leading down here.
There is a stone staircase leading up here.
You climb upwards.
There is a stone staircase leading down here.
Things that are here:
a chain mail; a mace
Things that are here:
a dagger; a leather armour
Things that are here:
a leather armour; a club
There is a stone staircase leading up here.
Your magical contamination has completely faded away.
You climb upwards.
There is a stone staircase leading down here.
There is a stone staircase leading up here.
You climb upwards.
There is a stone staircase leading down here.
An ufetubus comes into view.
Unknown command.
There is a stone staircase leading up here.
You climb upwards.
There is a stone staircase leading down here.
Drink which item? (? for menu, Esc to quit)
Really quaff
H - 2 potions of haste {!q}?
You feel yourself speed up.
You are very lightly contaminated with residual magic.
Evoke which item? (* to show all) (? for menu, Esc to quit)
Zapping:
d - a wand of digging (23/24)
Press: ? - help, Shift-Dir - straight line The rock shatters into small pieces.
This wand has 22 charges left.
Drop what? 52/52 slots (_ for help) (? for menu, Esc to quit)
You drop a wand of paralysis (0/24).
A giant orange brain comes into view.
You puncture the giant orange brain!
There is a sudden explosion of sparks!
The giant orange brain is heavily wounded.
You puncture the giant orange brain!
There is a sudden explosion of sparks!
The giant orange brain is almost dead.
You puncture the giant orange brain!
There is a sudden explosion of sparks!
You kill the giant orange brain!
Okawaru accepts your kill.
A giant newt comes into view.
The giant newt barely misses you.
There is a staircase leading out of the dungeon here.
You have escaped!

.##.#.#.)###.#####.#
##.# .#.###...#
##.#....# ##.# ..##
##..# ##.#######..#
##.###..##
##.##8.8#..#
##.#.#.# ##........#
##.##.# ##.......#
#.##.# ##.......#
####.##.# #8.l.....#
.....##.# #@.......#
#######.# #8......##
#.# ##......#
#######.# #......#
........# #......#
######### ##8.8#.# #
#######.# #
##.####### # #.#...#


You could see a giant newt.

Vanquished Creatures
  5 orbs of fire (Zot:5)
  Mara (Vaults:2)
  12 ancient liches
  A juggernaut (Depths:3)
  the Lernaean hydra (Swamp:4)
  2 Killer Klowns (Zot:5)
  Vashnia (Snake:2)
  4 curse toes
  A caustic shrike (Depths:2)
  16 golden dragons
  A bone dragon (Depths:4)
  10 liches
  3 iron giants
  4 electric golems
  Jorgrun (Elf:2)
  16 tentacled monstrosities
  2 deep elf master archers (Elf:3)
  7 titans
  25 Orb Guardians (Zot:5)
  A tentacled starspawn (Abyss:3)
  2 deep elf blademasters (Elf:3)
  10 death cobs
  4 ancient champions
  Frances (Vaults:3)
  4 sphinxes
  7 shadow dragons
  3 thorn hunters
  14 storm dragons
  Agnes (Vaults:3)
  5 draconian monks
  7 tengu reavers
  13 greater nagas
  12 fire giants
  2 revenants
  3 iron dragons
  4 draconian knights
  2 ghost moths (Zot:3)
  A balrug (Depths:4)
  4 deep elf sorcerers
  6 draconian zealots
  17 vault wardens
  An orc warlord (Vaults:1)
  9 ghouls
  4 deep elf elementalists (Elf:3)
  A ghost moth (shapeshifter) (Depths:5)
  8 curse skulls
  4 reapers (Crypt:3)
  24 frost giants
  17 ironheart preservers
  The ghost of tuurum the Bludgeoner, a journeyman MiBe of Trog (Orc:2)
  2 draconian annihilators
  4 draconian shifters
  30 very ugly things
  2 draconian callers (Zot:4)
  5 spriggan defenders
  2 war gargoyles (Vaults:5)
  36 stone giants
  Nessos (D:12)
  8 black draconians
  4 green draconians
  8 deep elf demonologists
  2 white draconians
  14 vampire knights
  2 salamander stormcallers
  7 red draconians
  12 deep elf annihilators
  9 mottled draconians
  18 spark wasps
  9 purple draconians
  8 yellow draconians
  A mummy priest (Crypt:3)
  33 vault guards
  8 eidola
  7 deep elf high priests
  20 fire dragons
  28 ettins
  8 deep elf death magi
  16 jiangshi
  A minotaur (shapeshifter) (Vaults:5)
  28 yaktaur captains
  3 merfolk impalers (Depths:4)
  12 entropy weavers
  10 rakshasas
  8 great orbs of eyes
  23 ice dragons
  15 hydras
  14 naga warriors
  7 spriggan air magi
  Harold (Lair:4)
  2 catoblepae
  13 centaur warriors
  10 death knights
  14 anacondas
  2 ghost crabs
  19 ogre magi
  A satyr (Abyss:3)
  26 deep troll shamans
  33 dancing weapons
  6 alligators
  10 death yaks
  A hell hog (Abyss:3)
  A thrashing horror (Abyss:3)
  An orc high priest (Elf:3)
  4 deep troll earth magi
  11 tengu warriors
  9 vampire magi
  10 shock serpents
  4 sun demons
  Urug (D:15)
  9 soul eaters
  19 naga sharpshooters
  8 spriggan berserkers
  A storm dragon zombie (Crypt:2)
  18 hell knights
  7 iron trolls
  A storm dragon skeleton (Crypt:3)
  A wretched star (Abyss:3)
  18 skeletal warriors
  5 salamander mystics
  2 ghost moth zombies (Crypt:3)
  A fire crab (shapeshifter) (Vaults:4)
  23 deep elf knights
  6 shadow wraiths
  8 flayed ghosts
  An anaconda zombie (Abyss:3)
  5 giant orange brains
  A death drake (Zot:3)
  A death drake (shapeshifter) (Crypt:1)
  13 swamp dragons
  29 deep trolls
  An unseen horror (D:14)
  7 naga ritualists
  20 phantasmal warriors
  22 deep elf archers
  An anubis guard (shapeshifter) (Depths:4)
  25 necromancers
  7 hill giants
  27 orc knights
  A wolf spider zombie (Crypt:3)
  A mana viper (shapeshifter) (Vaults:4)
  A fire giant zombie (Crypt:1)
  2 iron dragon zombies
  5 orc sorcerers
  4 hornets
  8 harpies
  12 ironbrand convokers
  7 mana vipers
  2 stone giant zombies (Crypt:3)
  4 wolf spiders
  3 wizards
  A manticore (D:14)
  2 iron dragon skeletons (Crypt:3)
  61 deep elf magi
  8 griffons
  51 ugly things
  18 salamanders
  A shadow dragon skeleton (Crypt:1)
  2 frost giant zombies (Crypt:3)
  A salamander (shapeshifter) (Vaults:3)
  7 cyclopes
  22 naga magi
  A dire elephant zombie (Crypt:3)
  2 stone giant skeletons
  An elephant (Lair:2)
  12 moths of wrath
  A black mamba (shapeshifter) (Vaults:5)
  24 spiny frogs
  15 guardian serpents
  An octopode (shapeshifter) (Vaults:3)
  5 centaur zombies
  7 vault sentinels
  45 black mambas
  Psyche (D:12)
  2 shock serpent zombies (Crypt:3)
  A torpor snail (Lair:6)
  A rust devil (Depths:3)
  3 gargoyles
  An ice statue (IceCv)
  3 smoke demons
  2 orange demons
  A dire elephant skeleton (Crypt:3)
  A salamander skeleton (Vaults:4)
  A hellion (Depths:3)
  5 spectral swamp worms (Depths:1)
  2 emperor scorpion zombies (Crypt:3)
  23 freezing wraiths
  3 rime drakes
  A kobold demonologist (Vaults:2)
  A human skeleton (Vaults:2)
  A spiny frog (shapeshifter) (Depths:3)
  A guardian mummy (Crypt:3)
  2 efreet (D:15)
  7 komodo dragons
  84 yaktaurs
  A yaktaur (shapeshifter) (Depths:3)
  The ghost of Ge0ff the Conjurer, a novice HEEE (D:5)
  A hydra zombie (Crypt:2)
  13 hellwings
  A redback zombie (D:13)
  8 trolls
  5 jumping spiders
  3 spriggan druids
  3 yaktaur skeletons
  8 tengu conjurers
  2 trolls (shapeshifter)
  9 polar bears
  A two-headed ogre (shapeshifter) (Depths:2)
  A jumping spider (shapeshifter) (Depths:5)
  28 slime creatures
  A wind drake (shapeshifter) (Vaults:1)
  14 blink frogs
  6 giant leeches
  39 two-headed ogres
  A slime creature (shapeshifter) (Depths:3)
  A wolf spider simulacrum (Crypt:1)
  A minotaur skeleton (Crypt:3)
  4 boulder beetles
  6 bog bodies
  2 ushabtiu (Crypt:3)
  2 alligator zombies
  2 ice dragon zombies (Crypt:3)
  A spriggan zombie (Depths:1)
  3 flying skulls (Crypt:1)
  An ettin skeleton (Crypt:1)
  An ice dragon skeleton (Crypt:3)
  24 redbacks
  2 spriggans (shapeshifter)
  11 spriggans
  4 wyverns
  19 wraiths
  17 water elementals
  2 fire dragon skeletons (Crypt:1)
  40 yaks
  A ynoxinul (Depths:3)
  6 air elementals
  3 tarantellas
  7 shadows
  13 humans (D:13)
  A steam dragon (Lair:3)
  A hippogriff (shapeshifter) (Vaults:5)
  3 fire elementals
  A golden eye (shapeshifter) (Abyss:3)
  38 vampire mosquitoes
  A basilisk (D:11)
  A black mamba skeleton (Crypt:1)
  Grum (D:9)
  A hungry ghost (D:12)
  3 neqoxecs (Abyss:3)
  7 hippogriffs
  Edmund (D:4)
  2 yaktaur simulacra
  6 insubstantial wisps (Swamp:4)
  39 nagas
  7 wargs
  14 swamp worms
  2 swamp worms (shapeshifter)
  2 mottled dragons
  A spiny frog zombie (Crypt:3)
  17 water moccasins
  Duvessa (D:6)
  7 hell hounds
  15 porcupines
  6 swamp drakes
  A giant eyeball (Depths:2)
  8 black bears
  A hornet simulacrum (Vaults:1)
  60 orc warriors
  6 ice beasts
  3 sky beasts
  13 wasps
  4 phantoms
  An alligator simulacrum (IceCv)
  97 ogres
  23 boggarts
  6 necrophages
  A snapping turtle zombie (Crypt:3)
  32 wolves
  23 centaurs
  10 crocodiles
  A snapping turtle skeleton (Crypt:1)
  4 big kobolds
  A hog skeleton (Crypt:1)
  A giant frog (shapeshifter) (Vaults:5)
  20 giant frogs
  A draconian skeleton (Crypt:2)
  2 earth elementals
  12 wyvern skeletons (Crypt:3)
  A scorpion (shapeshifter) (Depths:1)
  4 scorpions
  A warg skeleton (Crypt:2)
  6 wights
  4 howler monkeys
  A polar bear skeleton (Crypt:2)
  A howler monkey (shapeshifter) (Vaults:4)
  An electric eel (Lair:4)
  11 crimson imps
  5 draconian simulacra (IceCv)
  A wasp zombie (D:6)
  A giant frog zombie (D:9)
  A human zombie (Crypt:3)
  A quasit (Depths:3)
  4 human simulacra
  23 orc priests
  6 hounds
  27 orc wizards
  2 centaur skeletons
  3 jellies
  2 iron imps (Depths:3)
  A black bear skeleton (Crypt:2)
  15 iguanas
  10 worker ants
  19 sheep
  3 troll simulacra (IceCv)
  A demigod zombie (Crypt:1)
  A naga skeleton (Crypt:3)
  A hound zombie (D:7)
  A hound skeleton (D:5)
  A worker ant zombie (D:10)
  17 adders
  19 river rats
  A naga simulacrum (IceCv)
  8 shadow imps
  4 white imps
  2 oozes
  2 ufetubi (Depths:3)
  An adder zombie (D:6)
  2 adder skeletons
  2 worms (D:3)
  2 dart slugs
  3 giant geckos
  129 orcs
  7 giant cockroaches
  5 hobgoblins
  10 jackals
  22 kobolds
  5 quokkas
  7 ball pythons
  7 bats
  2 giant cockroach zombies
  2 giant gecko skeletons
  11 giant newts
  3 goblins
  A hobgoblin zombie (Crypt:2)
  A kobold skeleton (Crypt:1)
  12 rats
  4 crawling corpses
  2 fungi
  6 lost souls
  A starspawn tentacle (Abyss:3)
  2 withered plants (Crypt:3)
2970 creatures vanquished.

Vanquished Creatures (collateral kills)
  3 greater nagas
  A revenant (Crypt:2)
  An orc warlord (Elf:3)
  A caustic shrike skeleton (Depths:1)
  A dire elephant (Abyss:3)
  A blizzard demon (Abyss:3)
  A vault guard (Vaults:5)
  Snorg (D:12)
  A yaktaur captain (Depths:2)
  An entropy weaver (Depths:2)
  4 hydras
  2 naga warriors
  The ghost of Ge0ff the Archer, a journeyman HEEE of Okawaru (D:11)
  A large abomination (Crypt:3)
  A death knight (D:13)
  2 anacondas
  A death yak (Lair:7)
  4 naga sharpshooters
  An iron troll (Depths:4)
  A skeletal warrior (Crypt:1)
  A wizard (Vaults:3)
  4 salamander mystics
  A deep elf archer (Vaults:1)
  A hill giant (D:10)
  2 deep elf magi
  A wolf spider (D:10)
  A necromancer (IceCv)
  3 mana vipers
  An orc sorcerer (Orc:2)
  2 ugly things (Depths:3)
  A griffon (Lair:5)
  7 salamanders
  3 elephants (Lair:2)
  3 guardian serpents (Snake:4)
  7 black mambas
  3 vault sentinels
  8 naga magi
  8 spiny frogs
  2 freezing wraiths (IceCv)
  A rime drake (Lair:5)
  A spark wasp simulacrum (Depths:1)
  2 komodo dragons
  A hellwing (Crypt:3)
  5 yaktaurs (Vaults:3)
  A yaktaur skeleton (Vaults:2)
  A troll (D:10)
  A boulder beetle (D:11)
  4 blink frogs
  2 water elementals (Depths:4)
  3 redbacks (Depths:2)
  3 spriggans
  9 humans
  13 yaks
  4 basilisks
  3 hippogriffs
  2 swamp worms (Lair:4)
  26 nagas
  A water moccasin (Lair:4)
  A deep troll skeleton (Vaults:2)
  A porcupine (Lair:4)
  3 ice beasts (IceCv)
  6 orc warriors
  A black bear (D:9)
  A sky beast (D:11)
  6 wolves
  4 ogres
  3 centaurs
  A crocodile (Lair:2)
  A big kobold (Abyss:3)
  2 giant frogs
  Dowan (D:6)
  2 scorpions
  8 killer bees
  2 wights (D:7)
  An elephant simulacrum (IceCv)
  A howler monkey (D:8)
  A crimson imp (D:11)
  A draconian simulacrum (IceCv)
  A quasit (D:11)
  5 orc priests
  A hound (D:5)
  7 orc wizards
  2 polar bear simulacra (IceCv)
  3 spriggan simulacra (IceCv)
  A worker ant (D:4)
  A troll simulacrum (IceCv)
  8 sheep
  2 centaur simulacra (IceCv)
  A worker ant zombie (D:11)
  4 adders
  3 naga simulacra (IceCv)
  An ogre simulacrum (IceCv)
  31 river rats
  11 white imps
  An ooze (D:3)
  A worm (D:6)
  A dart slug (D:3)
  3 giant geckos
  31 orcs
  A giant cockroach (D:6)
  A hobgoblin (D:3)
  5 jackals
  4 ball pythons
  4 bats
  5 giant newts
  7 goblins
  10 kobolds
  3 rats
  4 briar patches (Abyss:3)
  2 fungi (Lair:7)
384 creatures vanquished.

Vanquished Creatures (others)
  3 fire giants
  2 draconian zealots
  A green draconian (Zot:4)
  A spark wasp (Depths:2)
  A hydra (Swamp:4)
  A naga warrior (Snake:4)
  A dancing weapon (Elf:3)
  A vampire mage (Depths:1)
  2 ogre magi
  A hell hog (shapeshifter) (Abyss:3)
  A deep elf knight (Elf:2)
  A shadow wraith (Vaults:2)
  A wizard (Depths:2)
  A deep elf mage (Elf:3)
  A moth of wrath (Zot:5)
  A vault sentinel (Vaults:1)
  A two-headed ogre (Vaults:2)
  A shadow (Abyss:3)
  A redback (Lair:8)
  A water elemental (Elf:3)
  A mottled dragon (D:15)
  A swamp worm (Swamp:4)
  A naga (Snake:4)
  An orc priest (Orc:2)
  A sheep (D:12)
  5 orcs
  26 fungi
  6 lost souls
  2 lurking horrors (Abyss:3)
  46 plants
  A starspawn tentacle (Abyss:3)
  3 starspawn tentacle segments (Abyss:3)
  27 withered plants (Crypt:3)
145 creatures vanquished.

Grand Total: 3499 creatures vanquished

Notes
Turn   | Place    | Note
--------------------------------------------------------------
     0 | D:1      | Ge0ff the High Elf Summoner began the quest for the Orb.
     0 | D:1      | Reached XP level 1. HP: 11/11 MP: 4/4
   377 | D:1      | Reached XP level 2. HP: 14/17 MP: 6/6
   384 | D:1      | Learned a level 2 spell: Call Imp
  1045 | D:1      | Reached skill level 1 in Fighting
  1504 | D:1      | Reached skill level 1 in Short Blades
  1603 | D:2      | Found a sparkling altar of Nemelex Xobeh.
  1622 | D:2      | Reached XP level 3. HP: 19/23 MP: 5/7
  2912 | D:2      | Reached XP level 4. HP: 28/29 MP: 9/9
  3107 | D:2      | Found a bloodstained altar of Trog.
  3108 | D:2      | Found a glowing silver altar of Zin.
  3209 | D:3      | Learned a level 3 spell: Call Canine Familiar
  3370 | D:3      | Reached XP level 5. HP: 19/36 MP: 3/10
  3435 | D:3      | Noticed a centaur
  3453 | D:3      | Killed a centaur
  3453 | D:3      | Reached skill level 1 in Armour
  4088 | D:3      | Reached XP level 6. HP: 42/42 MP: 7/11
  4143 | D:3      | Found a white marble altar of Elyvilon.
  4447 | D:4      | Noticed Edmund
  4557 | D:4      | Killed Edmund
  4644 | D:4      | Reached skill level 5 in Summonings
  4644 | D:4      | Reached XP level 7. HP: 40/48 MP: 12/12
  4979 | D:4      | Reached skill level 5 in Short Blades
  5051 | D:4      | Found a stormy altar of Qazlal.
  5119 | D:4      | Found a radiant altar of Vehumet.
  5131 | D:4      | Identified Vehumet's Guide on Arcane Weapons
  5138 | D:4      | Found an ancient bone altar of Kikubaaqudgha.
  5139 | D:4      | Found a deep blue altar of Sif Muna.
  5194 | D:5      | Entered Level 5 of the Dungeon
  5199 | D:5      | Noticed Ge0ff's ghost (novice HEEE)
  5305 | D:5      | Found a staircase to the Ecumenical Temple.
  5461 | Temple   | Entered the Ecumenical Temple
  5791 | D:5      | Learned a level 4 spell: Summon Lightning Spire
  5898 | D:5      | Reached skill level 5 in Fighting
  5898 | D:5      | Reached skill level 1 in Air Magic
  6123 | D:5      | Reached XP level 8. HP: 55/55 MP: 13/15
  6492 | D:5      | Found a shattered altar of Ashenzari.
  6650 | D:6      | Noticed Duvessa
  6666 | D:6      | Noticed Dowan
  6712 | D:6      | Killed Duvessa
  6765 | D:6      | Found a glowing drain.
  6823 | D:6      | Reached skill level 5 in Air Magic
  6825 | Sewer    | Entered a sewer
  7281 | D:6      | Killed Dowan
  8449 | D:7      | Reached XP level 9. HP: 60/61 MP: 14/16
  9302 | D:8      | Found a blossoming altar of Fedhas.
  9302 | D:8      | Found a basalt altar of Yredelemnul.
  9429 | D:8      | Reached skill level 5 in Spellcasting
  9557 | D:8      | Learned a level 3 spell: Summon Guardian Golem
  9610 | D:8      | Found a staircase to the Lair.
  9656 | D:8      | Found an iron altar of Okawaru.
  9671 | D:8      | Reached skill level 1 in Hexes
  9693 | D:8      | Became a worshipper of Warmaster Okawaru
 10192 | D:9      | Found a staircase to the Orcish Mines.
 10497 | D:9      | Reached * piety under Okawaru
 10554 | D:9      | Reached ** piety under Okawaru
 10554 | D:9      | Reached XP level 10. HP: 41/66 MP: 6/18
 10619 | D:9      | Noticed Grum
 10629 | D:9      | Killed Grum
 10824 | D:9      | Learned a level 6 spell: Shadow Creatures
 11027 | D:10     | Entered Level 10 of the Dungeon
 11028 | D:10     | Noticed a hill giant
 11041 | D:10     | Killed a hill giant
 11045 | D:10     | Noticed a gargoyle
 11052 | D:10     | Killed a gargoyle
 11142 | D:10     | Reached skill level 1 in Invocations
 11144 | D:10     | Reached skill level 1 in Evocations
 11302 | D:10     | Noticed a hill giant
 11304 | D:10     | Reached skill level 10 in Air Magic
 11326 | D:10     | Killed a hill giant
 11326 | D:10     | Reached *** piety under Okawaru
 11661 | D:10     | Noticed a wolf spider
 11679 | D:10     | Killed a wolf spider
 11845 | D:10     | Found Oceviut's Armour Emporium.
 12116 | D:10     | Reached skill level 5 in Dodging
 12141 | D:10     | Reached **** piety under Okawaru
 12291 | D:11     | Noticed Ge0ff's ghost (journeyman HEEE)
 12356 | D:11     | Reached skill level 10 in Short Blades
 12534 | D:11     | Noticed a cyclops
 12552 | D:11     | Killed a cyclops
 12817 | D:11     | Noticed a hill giant
 12841 | D:11     | Killed a hill giant
 12905 | D:11     | Noticed a hill giant
 12931 | D:11     | Killed a hill giant
 12931 | D:11     | Reached ***** piety under Okawaru
 12982 | D:11     | Noticed a hill giant
 13014 | D:11     | Killed a hill giant
 13145 | D:11     | Reached XP level 11. HP: 72/72 MP: 2/20
 13922 | D:5      | Killed Ge0ff's ghost
 14062 | Lair:1   | Entered Level 1 of the Lair of Beasts
 14101 | Lair:1   | Learned a level 2 spell: Sticks to Snakes
 14634 | Lair:1   | Reached skill level 1 in Transmutations
 14634 | Lair:1   | Reached skill level 5 in Evocations
 14734 | Lair:1   | Received a gift from Okawaru
 14768 | Lair:1   | Noticed a five-headed hydra
 14776 | Lair:1   | Killed a five-headed hydra
 15356 | Lair:2   | Noticed a five-headed hydra
 15546 | Lair:2   | Found a blossoming altar of Fedhas.
 15569 | Lair:2   | Received a gift from Okawaru
 15572 | Lair:2   | Got a pair of crude gloves {god gift}
 15601 | Lair:2   | Identified the +0 pair of gloves "Haumuid" {+Inv rC- Dex-5 SInv} (Okawaru gifted it to you on level 2 of the Lair of Beasts)
 15752 | Lair:2   | Killed a five-headed hydra
 16386 | Lair:2   | Reached ****** piety under Okawaru
 16455 | Lair:2   | Reached skill level 5 in Transmutations
 17897 | Lair:3   | Got a jewelled dagger
 18420 | Lair:4   | Reached XP level 12. HP: 54/81 MP: 15/23
 18616 | Lair:4   | Reached skill level 1 in Shields
 18622 | Lair:4   | Noticed Harold
 18647 | Lair:4   | Killed Harold
 18835 | Lair:4   | Learned a level 3 spell: Regeneration
 18888 | Lair:4   | Reached skill level 5 in Armour
 18888 | Lair:4   | Reached skill level 5 in Invocations
 18967 | Lair:4   | Received a gift from Okawaru
 19025 | Lair:4   | Identified the cursed +1 dagger of Xevak {vamp, rN+} (You found it on level 3 of the Lair of Beasts)
 20300 | Lair:4   | Found a staircase to the Swamp.
 20524 | Lair:5   | Noticed a four-headed hydra
 20540 | Lair:5   | Noticed a five-headed hydra
 20554 | Lair:5   | Killed a four-headed hydra
 20843 | Lair:5   | Killed a five-headed hydra
 20843 | Lair:5   | Reached skill level 5 in Shields
 21232 | Lair:5   | Received a gift from Okawaru
 21521 | Lair:5   | Identified a scroll of acquirement
 21741 | Lair:6   | Found a dark tunnel.
 21760 | Volcano  | Entered a volcano
 21766 | Volcano  | Reached skill level 10 in Fighting
 21937 | Lair:6   | Reached XP level 13. HP: 92/92 MP: 24/24
 22543 | Lair:6   | Found a staircase to the Snake Pit.
 22697 | Lair:6   | Received a gift from Okawaru
 23355 | Lair:6   | Found a viscous altar of Jiyva.
 23356 | Lair:6   | Found a staircase to the Slime Pits.
 24124 | Lair:7   | Found a frozen archway.
 24312 | IceCv    | Entered an ice cave
 24423 | IceCv    | Received a gift from Okawaru
 24798 | IceCv    | Found an ancient bone altar of Kikubaaqudgha.
 25409 | IceCv    | Received a gift from Okawaru
 25415 | IceCv    | Got a polished quick blade {god gift}
 25416 | IceCv    | Identified the +1 quick blade of Gothrin {pierce, MR++ Stlth-} (Okawaru gifted it to you in an ice cave)
 25913 | Lair:7   | Reached XP level 14. HP: 58/103 MP: 14/25
 26693 | Lair:8   | Entered Level 8 of the Lair of Beasts
 26710 | Lair:8   | Reached skill level 10 in Shields
 26838 | Lair:8   | Received a gift from Okawaru
 27388 | Lair:8   | Received a gift from Okawaru
 27394 | Lair:8   | Gained mutation: You are partially covered in slimy green scales (AC +2). [potion of mutation]
 27394 | Lair:8   | Gained mutation: Your mind is acute. (Int +2) [potion of mutation]
 27394 | Lair:8   | Gained mutation: You have an increased reservoir of magic (+10% MP). [potion of mutation]
 29520 | Orc:1    | Entered Level 1 of the Orcish Mines
 29534 | Orc:1    | Received a gift from Okawaru
 29657 | Orc:2    | Entered Level 2 of the Orcish Mines
 30822 | Orc:2    | Found Fofioj's Antique Weapon Shoppe.
 31092 | Orc:2    | Noticed tuurum's ghost (journeyman MiBe)
 31167 | Orc:2    | Killed tuurum's ghost
 31449 | Orc:2    | Received a gift from Okawaru
 31780 | Orc:2    | Found Ohetzeo's Food Shoppe.
 31835 | Orc:2    | Found Sathrergha's Assorted Antiques.
 31835 | Orc:2    | Found Umevydgha's Antique Weapon Emporium.
 31835 | Orc:2    | Found Enerrics's Antique Weapon Boutique.
 32003 | Orc:2    | Bought a potion of heal wounds for 100 gold pieces
 32006 | Orc:2    | Bought a fine hunting sling for 130 gold pieces
 32006 | Orc:2    | Identified the +5 hunting sling of the Blowfly {velocity, rF+ Dex+2} (You bought it in a shop on level 2 of the Orcish Mines)
 32289 | Orc:2    | Found a staircase to the Elven Halls.
 32706 | D:11     | Killed Ge0ff's ghost
 32706 | D:11     | Reached XP level 15. HP: 110/110 MP: 29/29
 33002 | D:12     | Reached skill level 1 in Slings
 33069 | D:12     | Noticed Psyche
 33081 | D:12     | Killed Psyche
 33103 | D:12     | Got a jade-encrusted scale mail
 33104 | D:12     | Identified the +5 scale mail of Assecve {Dex+4} (You took it off an orc priest on level 12 of the Dungeon)
 33313 | D:12     | Noticed Nessos
 33331 | D:12     | Killed Nessos
 33586 | D:12     | Reached skill level 2 in Slings
 33701 | D:12     | Noticed Snorg
 33756 | D:12     | Killed Snorg
 34740 | D:13     | Reached skill level 3 in Slings
 34764 | D:13     | Found a gate to the Vaults.
 34925 | D:13     | Found Foxidd Wijyu's General Store.
 34944 | D:13     | Learned a level 5 spell: Irradiate
 35624 | D:14     | Received a gift from Okawaru
 35666 | D:14     | Found a sacrificial altar of Ru.
 36013 | D:14     | Found Giuth's Food Boutique.
 36425 | D:15     | Entered Level 15 of the Dungeon
 36522 | D:15     | Found Ynue's Food Shoppe.
 36598 | D:15     | Found a flickering gateway to a bazaar.
 36608 | Bazaar   | Entered a bazaar
 36609 | Bazaar   | Found Huufroso's Assorted Antiques.
 36833 | Bazaar   | Found Honau's Gadget Shop.
 36863 | Bazaar   | Found Kuxzinixt's Armour Shoppe.
 36868 | Bazaar   | Found Raeqiaku's Book Shop.
 36883 | Bazaar   | Bought a +0 pair of boots of running for 378 gold pieces
 36916 | Bazaar   | Bought a scroll of identify for 58 gold pieces
 36916 | Bazaar   | Bought a scroll of blinking for 217 gold pieces
 36927 | Bazaar   | Bought a wand of acid (10/15) for 392 gold pieces
 37181 | D:15     | Found Ciwo's Magic Scroll Shoppe.
 37186 | D:15     | Bought a scroll of teleportation for 51 gold pieces
 37186 | D:15     | Bought a scroll of teleportation for 51 gold pieces
 37186 | D:15     | Bought a scroll of enchant weapon for 127 gold pieces
 37186 | D:15     | Bought a scroll of fear for 59 gold pieces
 37186 | D:15     | Bought a scroll of identify for 34 gold pieces
 37186 | D:15     | Bought a scroll of identify for 34 gold pieces
 37186 | D:15     | Bought a scroll of teleportation for 51 gold pieces
 37323 | D:15     | Noticed Urug
 37333 | D:15     | Killed Urug
 37497 | D:15     | Found a staircase to the Depths.
 37497 | D:15     | Noticed a fire giant
 37527 | D:15     | Killed a fire giant
 38273 | Snake:1  | Entered Level 1 of the Snake Pit
 38650 | Snake:1  | Found Rig Leza's Distillery.
 38673 | Snake:1  | Bought a potion of beneficial mutation for 490 gold pieces
 38673 | Snake:1  | Bought a potion of heal wounds for 70 gold pieces
 38677 | Snake:1  | Gained mutation: Your flesh is cold resistant. [potion of beneficial mutation]
 39046 | Snake:1  | Received a gift from Okawaru
 39623 | Snake:2  | Found Ulonis's General Store.
 39679 | Snake:2  | Found Ofadd's Jewellery Shoppe.
 39817 | Snake:2  | Reached XP level 16. HP: 91/117 MP: 25/32
 40063 | Snake:2  | Noticed Vashnia
 40076 | Snake:2  | Reached skill level 4 in Slings
 40394 | Snake:2  | Killed Vashnia
 40707 | Snake:2  | Received a gift from Okawaru
 40884 | Snake:2  | Found Qoej's Book Emporium.
 40910 | Snake:2  | Found Wuben's Armour Shop.
 41299 | Snake:2  | Reached skill level 5 in Slings
 41301 | Snake:2  | Received a gift from Okawaru
 41602 | Snake:2  | Found Mewnom's Antique Armour Emporium.
 41705 | Snake:2  | Reached skill level 15 in Shields
 42565 | Snake:3  | Reached skill level 6 in Slings
 43175 | Snake:3  | Reached skill level 7 in Slings
 43653 | Snake:3  | Received a gift from Okawaru
 44153 | Snake:3  | Reached skill level 8 in Slings
 44679 | Snake:4  | Entered Level 4 of the Snake Pit
 45026 | Snake:2  | Bought a pair of faintly glowing gloves for 266 gold pieces
 45036 | Snake:2  | Identified the +0 pair of gloves of Vanity {Regen+ SInv} (You bought it in a shop on level 2 of the Snake Pit)
 45215 | Snake:4  | Reached XP level 17. HP: 57/122 MP: 8/34
 45410 | Snake:4  | Reached skill level 9 in Slings
 46556 | Snake:4  | Reached skill level 10 in Slings
 46718 | Snake:4  | Found Pock's Armour Shop.
 46799 | Snake:4  | Received a gift from Okawaru
 47007 | Snake:4  | Received a gift from Okawaru
 47300 | Snake:4  | Received a gift from Okawaru
 47321 | Snake:4  | Reached skill level 11 in Slings
 47381 | Snake:4  | Received a gift from Okawaru
 47655 | Snake:4  | Received a gift from Okawaru
 48168 | Snake:4  | Reached skill level 12 in Slings
 48439 | Snake:4  | Got a serpentine rune of Zot
 49671 | Snake:4  | Found Pock's Armour Shop.
 50171 | Swamp:1  | Entered Level 1 of the Swamp
 50317 | Swamp:1  | Reached XP level 18. HP: 128/128 MP: 35/35
 50690 | Swamp:1  | Reached skill level 13 in Slings
 50915 | Swamp:1  | Gained mutation: You can translocate small distances at will. [potion of beneficial mutation]
 51213 | Swamp:2  | Reached skill level 1 in Conjurations
 52146 | Swamp:3  | Learned a level 1 spell: Apportation
 52885 | Swamp:3  | Received a gift from Okawaru
 53029 | Swamp:4  | Entered Level 4 of the Swamp
 53511 | Swamp:4  | Received a gift from Okawaru
 53860 | Swamp:4  | Reached skill level 5 in Conjurations
 54455 | Swamp:4  | Reached skill level 10 in Spellcasting
 54481 | Swamp:4  | Received a gift from Okawaru
 54797 | Swamp:4  | Noticed the 27-headed Lernaean hydra
 55043 | Swamp:4  | Got a decaying rune of Zot
 55220 | Swamp:4  | Killed the 27-headed Lernaean hydra
 55519 | Vaults:1 | Entered Level 1 of the Vaults
 56105 | Vaults:1 | Received a gift from Okawaru
 56817 | Vaults:1 | Received a gift from Okawaru
 57124 | Vaults:1 | Reached XP level 19. HP: 120/134 MP: 33/37
 57353 | Vaults:1 | Found Caur's Weapon Shoppe.
 58404 | Vaults:1 | Reached skill level 10 in Transmutations
 58412 | Vaults:1 | Received a gift from Okawaru
 59127 | Vaults:2 | Received a gift from Okawaru
 59337 | Vaults:2 | Noticed Mara
 59347 | Vaults:2 | Noticed Ge0ff's illusion
 59354 | Vaults:2 | Killed Mara
 59354 | Vaults:2 | Reached skill level 10 in Conjurations
 59881 | Vaults:2 | Reached skill level 14 in Slings
 60718 | Vaults:2 | Received a gift from Okawaru
 61545 | Vaults:2 | Received a gift from Okawaru
 61634 | Vaults:2 | Reached XP level 20. HP: 131/140 MP: 20/38
 61838 | Vaults:2 | Got a faintly glowing hunting sling {god gift}
 61839 | Vaults:2 | Identified the +6 hunting sling "Toc Ilo" {freeze, *Corrode rN+ SInv Stlth+} (Okawaru gifted it to you on level 2 of the Vaults)
 62885 | Vaults:3 | Received a gift from Okawaru
 63423 | Vaults:3 | Noticed Frances
 63423 | Vaults:3 | Noticed Agnes
 63692 | Vaults:3 | Killed Frances
 63790 | Vaults:3 | Killed Agnes
 64865 | Snake:2  | Bought a potion of experience for 850 gold pieces
 64867 | Snake:2  | Reached XP level 21. HP: 146/146 MP: 40/40
 65470 | Vaults:3 | Found a staircase to the Crypt.
 65963 | Vaults:4 | Reached skill level 1 in Translocations
 66103 | Vaults:4 | Received a gift from Okawaru
 66151 | Vaults:4 | Got a distressingly furry crystal plate armour {god gift}
 66295 | Vaults:4 | Identified the +1 crystal plate armour of Submission {rC+++ MP+9 Str-5 Dex-3} (Okawaru gifted it to you on level 4 of the Vaults)
 67484 | Vaults:4 | Found Xufazufy's Jewellery Shop.
 67497 | Vaults:4 | Got a twisted hunting sling
 67498 | Vaults:4 | Identified the +9 hunting sling "Wodezo" {velocity, Int+4} (You found it on level 4 of the Vaults)
 67618 | Vaults:4 | Got a scorched chain mail
 67619 | Vaults:4 | Identified the +4 chain mail of Chimes {rElec rC+ Int+4} (You took it off an orc on level 4 of the Vaults)
 68439 | Elf:1    | Entered Level 1 of the Elven Halls
 69206 | Elf:1    | Reached skill level 10 in Armour
 69206 | Elf:1    | Reached XP level 22. HP: 153/153 MP: 31/42
 69294 | Elf:1    | Reached skill level 15 in Slings
 70259 | Elf:2    | Found a runed gate.
 70259 | Elf:2    | Found a runed gate.
 70260 | Elf:2    | Found a runed gate.
 70275 | Elf:2    | Noticed Jorgrun
 70398 | Elf:2    | Killed Jorgrun
 70752 | Elf:2    | Gained mutation: You are mostly covered in slimy green scales (AC +3). [potion of beneficial mutation]
 70974 | Elf:2    | Gained mutation: Scrolls take you a little longer to read. [mutagenic glow]
 72230 | Elf:2    | Received a gift from Okawaru
 72259 | Elf:2    | Got a steaming scale mail {god gift}
 72262 | Elf:2    | Identified the +0 scale mail of Wixzitel {+Blink +Fly rElec rF-} (Okawaru gifted it to you on level 2 of the Elven Halls)
 72656 | Elf:3    | Entered Level 3 of the Elven Halls
 72660 | Elf:3    | Got a translucent cloak
 72663 | Elf:3    | Identified the cursed +0 cloak of Benevolence {MR+ Str-2 Dex+3} (You found it on level 3 of the Elven Halls)
 73825 | Elf:3    | Got a scorched flail {vamp}
 74456 | Elf:3    | Got a steaming long sword {venom}
 75033 | Elf:3    | Identified a +5 rod of clouds (7/10) (You took it off a deep elf demonologist on level 3 of the Elven Halls)
 75040 | Elf:3    | Gained mutation: You are resistant to hostile enchantments. [potion of beneficial mutation]
 75555 | Elf:3    | Received a gift from Okawaru
 75555 | Elf:3    | Reached skill level 16 in Slings
 75655 | Elf:3    | Found a roughly hewn altar of Beogh.
 76194 | Elf:3    | Identified the Tome of the Enchanting Voyage
 76238 | Elf:3    | Learned a level 2 spell: Repel Missiles
 76318 | Elf:3    | Identified the Disquisition on the Snowflakes and Air
 76714 | Crypt:1  | Entered Level 1 of the Crypt
 76958 | Crypt:1  | Reached XP level 23. HP: 155/161 MP: 35/43
 77083 | Crypt:1  | Received a gift from Okawaru
 77460 | Crypt:1  | Reached skill level 10 in Evocations
 77622 | Crypt:1  | Received a gift from Okawaru
 78347 | Crypt:1  | Received a gift from Okawaru
 79573 | Crypt:2  | Reached skill level 15 in Fighting
 79742 | Crypt:2  | Received a gift from Okawaru
 79805 | Crypt:2  | Got a slimy hat {god gift}
 79816 | Crypt:2  | Identified the +1 hat of Quqen {rCorr Str+4} (Okawaru gifted it to you on level 2 of the Crypt)
 80057 | Crypt:2  | Learned a level 2 spell: Blink
 80123 | Crypt:2  | Found an ancient bone altar of Kikubaaqudgha.
 80519 | Crypt:2  | Lost mutation: Your mind is acute. (Int +2) [mutagenic glow]
 80694 | Crypt:2  | Reached skill level 10 in Dodging
 81024 | Crypt:2  | Gained mutation: Scrolls take you longer to read. [mutagenic glow]
 81153 | Crypt:3  | Entered Level 3 of the Crypt
 81562 | Crypt:3  | Got an iridescent quarterstaff
 81945 | Crypt:3  | Found an ancient bone altar of Kikubaaqudgha.
 82601 | Crypt:3  | Reached skill level 17 in Slings
 82629 | Crypt:3  | Noticed an ancient lich
 82639 | Crypt:3  | Killed an ancient lich
 83450 | Crypt:3  | Received a gift from Okawaru
 84087 | Crypt:3  | Got a twitching iron ring
 84090 | Crypt:3  | Identified the ring "Qogout" {rPois rC+ MR+} (You took it off a necromancer on level 3 of the Crypt)
 84167 | Crypt:3  | Received a gift from Okawaru
 84522 | Crypt:3  | Gained mutation: You are dopey. (Int -2) [mutagenic glow]
 84625 | Crypt:3  | Got an ichor-stained demon whip
 84628 | Crypt:3  | Identified the +3 demon whip of the Countless Ships {flame, *Drain Int+3 Dex+8 Stlth+} (You found it on level 3 of the Crypt)
 84748 | Crypt:3  | Received a gift from Okawaru
 84927 | Crypt:3  | Found a staircase to the Tomb.
 85282 | Crypt:3  | Reached XP level 24. HP: 170/171 MP: 38/43
 85382 | Crypt:3  | Identified a +4 rod of ignition (11/11) (You found it on level 3 of the Crypt)
 86519 | Snake:2  | Bought a scroll of acquirement for 884 gold pieces
 86858 | Depths:1 | Entered Level 1 of the Depths
 86858 | Depths:1 | Found a gateway to a ziggurat.
 86921 | Depths:1 | Reached skill level 1 in Charms
 86971 | Depths:1 | Reached skill level 1 in Necromancy
 87095 | Depths:1 | Received a gift from Okawaru
 87524 | Depths:1 | Received a gift from Okawaru
 87530 | Depths:1 | Found a runed door.
 87695 | Depths:1 | Found Miuttywn's Food Shoppe.
 87808 | Depths:1 | Found a gateway to Hell.
 88333 | Depths:1 | Reached skill level 18 in Slings
 89376 | Depths:2 | Found a glowing golden altar of the Shining One.
 89648 | Depths:2 | Found Xast's Jewellery Shoppe.
 89691 | Depths:2 | Bought the ring of Dawn {*Contam +Fly rF+ rN+ MR++ SInv} for 854 gold pieces
 89940 | Depths:2 | Reached skill level 10 in Invocations
 90101 | Depths:2 | Reached skill level 5 in Charms
 90269 | Depths:2 | Received a gift from Okawaru
 90272 | Depths:2 | Got an ancient scale mail {god gift}
 90275 | Depths:2 | Identified the +2 scale mail "Unnoimint" {rN++ Int-2} (Okawaru gifted it to you on level 2 of the Depths)
 90681 | Depths:2 | Found a one-way gate leading to the halls of Pandemonium.
 90775 | Depths:2 | Found a one-way gate to the infinite horrors of the Abyss.
 91050 | Depths:2 | Reached XP level 25. HP: 119/179 MP: 30/43
 93421 | Depths:3 | Received a gift from Okawaru
 93813 | Depths:3 | Received a gift from Okawaru
 93832 | Depths:3 | Got a warped hunting sling {god gift}
 93833 | Depths:3 | Identified the +3 hunting sling "Atays" {freeze, rElec} (Okawaru gifted it to you on level 3 of the Depths)
 93951 | Depths:3 | Reached skill level 5 in Necromancy
 94026 | Depths:3 | Reached skill level 19 in Slings
 95941 | Depths:3 | Received a gift from Okawaru
 96459 | Depths:3 | Reached skill level 5 in Hexes
 97315 | Depths:3 | Received a gift from Okawaru
 97316 | Depths:3 | Noticed a juggernaut
 97340 | Depths:3 | Killed a juggernaut
 97340 | Depths:3 | Reached XP level 26. HP: 126/187 MP: 26/43
 97354 | Depths:3 | Received a gift from Okawaru
 98774 | Depths:4 | Received a gift from Okawaru
 99367 | Depths:4 | Received a gift from Okawaru
 99512 | Depths:4 | Reached skill level 20 in Slings
 99597 | Depths:4 | Got a distressingly furry robe
 99965 | Depths:4 | Received a gift from Okawaru
100204 | Depths:4 | Got a spiked shield
100238 | Depths:4 | Identified the +1 shield "Dytrox" {SInv} (You found it on level 4 of the Depths)
100323 | Depths:4 | Received a gift from Okawaru
100888 | Depths:4 | Received a gift from Okawaru
101161 | Depths:4 | Got a brightly glowing scimitar
101166 | Depths:4 | Identified the +0 scimitar of Pandemonium {antimagic, rC+ Int+4 Dex-3 Stlth+} (You found it on level 4 of the Depths)
101283 | Depths:4 | Received a gift from Okawaru
101502 | Depths:4 | Reached skill level 15 in Armour
101723 | Depths:4 | Received a gift from Okawaru
101901 | Depths:4 | Reached skill level 5 in Translocations
101967 | Depths:4 | Got a pitted great sword {elec}
101967 | Depths:4 | Got a crude glass ring
101973 | Depths:4 | Identified the ring "Uptegror" {rF+ MP+9 SInv} (You took it off a merfolk impaler on level 4 of the Depths)
102108 | Depths:5 | Entered Level 5 of the Depths
102118 | Depths:4 | Received a gift from Okawaru
102446 | Depths:5 | Received a gift from Okawaru
102448 | Depths:5 | Got a shimmering dagger {god gift}
102449 | Depths:5 | Identified the +1 dagger of the Hidden Wars {pierce, Str+6} (Okawaru gifted it to you on level 5 of the Depths)
102755 | Depths:5 | Reached XP level 27. HP: 197/197 MP: 43/43
103418 | Depths:5 | Found a gate to the Realm of Zot.
103676 | Depths:5 | Found a snail-covered altar of Cheibriados.
103777 | Depths:5 | Reached skill level 21 in Slings
104188 | Vaults:5 | Entered Level 5 of the Vaults
104483 | Vaults:4 | Received a gift from Okawaru
104628 | Vaults:5 | Received a gift from Okawaru
105284 | Vaults:5 | Received a gift from Okawaru
105543 | Vaults:5 | Noticed an ancient lich
105571 | Vaults:5 | Killed an ancient lich
105586 | Vaults:5 | Received a gift from Okawaru
105780 | Vaults:5 | Found Gippeul's Weapon Shoppe.
105802 | Vaults:5 | Bought 17 sling bullets for 161 gold pieces
106132 | Vaults:5 | Reached skill level 22 in Slings
106396 | Vaults:5 | Noticed an ancient lich
106423 | Vaults:5 | Killed an ancient lich
106423 | Vaults:5 | Received a gift from Okawaru
106636 | Vaults:5 | Got a flickering brass ring
106639 | Vaults:5 | Identified the ring "Sexkeofe" {Fire Str+3 Int+5} (You took it off a frost giant on level 5 of the Vaults)
106641 | Vaults:5 | Gained mutation: You are agile. (Dex +2) [potion of beneficial mutation]
106701 | Vaults:5 | Received a gift from Okawaru
106957 | Vaults:5 | Cast into level 3 of the Abyss (ghostly vault warden)
107089 | Abyss:3  | Received a gift from Okawaru
107139 | Abyss:3  | Got an abyssal rune of Zot
107323 | Vaults:5 | Escaped the Abyss
107890 | Vaults:5 | Got a silver rune of Zot
109714 | Snake:2  | Bought a scroll of teleportation for 51 gold pieces
109714 | Snake:2  | Bought a potion of curing for 51 gold pieces
109714 | Snake:2  | Bought a scroll of teleportation for 51 gold pieces
109714 | Snake:2  | Bought a scroll of enchant weapon for 127 gold pieces
109714 | Snake:2  | Bought a beef jerky for 25 gold pieces
109717 | Snake:2  | Bought a bread ration for 85 gold pieces
109759 | Snake:2  | Bought a book of Geomancy for 560 gold pieces
109759 | Snake:2  | Bought a book of Enchantments for 800 gold pieces
109762 | Snake:2  | Learned a level 2 spell: Passwall
109768 | Snake:2  | Learned a level 5 spell: Yara's Violent Unravelling
109775 | Snake:2  | Learned a level 6 spell: Deflect Missiles
109956 | Snake:1  | Bought a potion of curing for 42 gold pieces
109956 | Snake:1  | Bought a potion of agility for 56 gold pieces
109956 | Snake:1  | Bought a potion of haste for 140 gold pieces
109956 | Snake:1  | Bought a potion of magic for 112 gold pieces
109956 | Snake:1  | Bought a potion of invisibility for 112 gold pieces
109956 | Snake:1  | Bought 2 potions of curing for 84 gold pieces
109956 | Snake:1  | Bought 2 potions of invisibility for 224 gold pieces
110228 | D:13     | Bought a potion of curing for 48 gold pieces
110228 | D:13     | Bought a scroll of teleportation for 48 gold pieces
110228 | D:13     | Bought a sack of spiders for 320 gold pieces
110228 | D:13     | Bought a scroll of vulnerability for 120 gold pieces
110401 | Orc:2    | Bought a potion of heal wounds for 100 gold pieces
110405 | Orc:2    | Bought a wand of iceblast for 80 gold pieces
110679 | Zot:1    | Entered Level 1 of the Realm of Zot
111027 | Zot:3    | Received a gift from Okawaru
111817 | Zot:4    | Got an amber-studded scale mail
111820 | Zot:4    | Identified the +6 scale mail of the Marlin {+Blink rElec} (You found it on level 4 of the Realm of Zot)
111931 | Zot:4    | Reached skill level 15 in Dodging
112649 | Zot:5    | Entered Level 5 of the Realm of Zot
112869 | Zot:5    | Reached skill level 23 in Slings
112871 | Zot:5    | Reached skill level 15 in Invocations
113031 | Zot:5    | Noticed an ancient lich
113061 | Zot:5    | Killed an ancient lich
113097 | Zot:5    | Noticed an ancient lich
113348 | Zot:5    | Killed an ancient lich
113614 | Zot:5    | Noticed an ancient lich
113739 | Zot:5    | Killed an ancient lich
113833 | Zot:5    | Received a gift from Okawaru
113902 | Zot:5    | Noticed an ancient lich
113922 | Zot:5    | Killed an ancient lich
114036 | Zot:5    | Noticed an orb of fire
114048 | Zot:5    | Gained mutation: You are frail (-10% HP). [an orb of fire]
114059 | Zot:5    | Killed an orb of fire
114059 | Zot:5    | Reached skill level 24 in Slings
114518 | Zot:5    | Noticed an ancient lich
114531 | Zot:5    | Killed an ancient lich
114703 | Zot:5    | Noticed an ancient lich
114714 | Zot:5    | Killed an ancient lich
114716 | Zot:5    | Noticed an orb of fire
114732 | Zot:5    | Killed an orb of fire
114964 | Zot:5    | Noticed an orb of fire
114982 | Zot:5    | Gained mutation: You tend to lose your temper in combat. [an orb of fire]
114982 | Zot:5    | Gained mutation: Scrolls take you much longer to read. [an orb of fire]
114983 | Zot:5    | Noticed an orb of fire
115014 | Zot:5    | Gained mutation: Your spells are a little harder to cast, but a little more powerful. [an orb of fire]
115233 | Zot:5    | Noticed an ancient lich
115244 | Zot:5    | Killed an ancient lich
115267 | Zot:5    | Received a gift from Okawaru
115427 | Zot:5    | Lost mutation: You are agile. (Dex +2) [an orb of fire]
115440 | Zot:5    | Killed an orb of fire
115441 | Zot:5    | Noticed an ancient lich
115465 | Zot:5    | Killed an ancient lich
115480 | Zot:5    | Reached skill level 25 in Slings
115720 | Zot:5    | Killed an orb of fire
116026 | Zot:5    | Noticed an orb of fire
116029 | Zot:5    | Gained mutation: You are weak. (Str -2) [an orb of fire]
116031 | Zot:5    | Gained mutation: Your body sometimes deteriorates upon taking damage. [an orb of fire]
116040 | Zot:5    | Killed an orb of fire
116338 | Zot:5    | Noticed an ancient lich
116367 | Zot:5    | Killed an ancient lich
117687 | Zot:5    | Reached skill level 26 in Slings
118528 | Orc:2    | Bought a box of beasts for 400 gold pieces
118529 | Orc:2    | Bought a meat ration for 60 gold pieces
118529 | Orc:2    | Bought 2 fruits for 36 gold pieces
118529 | Orc:2    | Bought a beef jerky for 18 gold pieces
118529 | Orc:2    | Bought a meat ration for 60 gold pieces
118529 | Orc:2    | Bought a meat ration for 60 gold pieces
118529 | Orc:2    | Bought a beef jerky for 18 gold pieces
118529 | Orc:2    | Bought a slice of pizza for 18 gold pieces
118817 | Depths:3 | Lost mutation: Your spells are a little harder to cast, but a little more powerful. [potion of cure mutation]
118817 | Depths:3 | Lost mutation: You tend to lose your temper in combat. [potion of cure mutation]
118817 | Depths:3 | Lost mutation: Your flesh is cold resistant. [potion of cure mutation]
118817 | Depths:3 | Lost mutation: You are mostly covered in slimy green scales (AC +3). [potion of cure mutation]
119004 | Zot:3    | Received a gift from Okawaru
119464 | Zot:3    | Received a gift from Okawaru
120010 | Zot:3    | Got a vibrating jade ring
120014 | Zot:3    | Identified the ring of Zoaleump {rElec rF+ Dex+4 SInv Stlth+} (You found it on level 3 of the Realm of Zot)
120406 | Zot:3    | Received a gift from Okawaru
120528 | Zot:3    | Received a gift from Okawaru
120897 | Zot:3    | Received a gift from Okawaru
120908 | Zot:3    | Got a scintillating platinum ring
120912 | Zot:3    | Identified the ring of Ivvioxke {*Confuse rElec Str-4 Dex+9 Stlth-} (You took it off a draconian monk on level 3 of the Realm of Zot)
121029 | Zot:3    | Got a warped emerald amulet
121033 | Zot:3    | Identified the amulet "Assuk" {Inacc rPois Dex+5} (You found it on level 3 of the Realm of Zot)
121530 | Zot:2    | Reached skill level 27 in Slings
121931 | Zot:5    | Got the Orb of Zot
122055 | Zot:1    | Noticed Ocofon the pandemonium lord
122242 | D:15     | Noticed Idghunim the pandemonium lord
122538 | D:$      | Escaped with the Orb!

Skill      XL: |  1  2  3  4  5  6  7  8  9 10 11 12 13 14 15 16 17 18 19 20 21 22 23 24 25 26 27 |
---------------+----------------------------------------------------------------------------------+-----
Summonings     | 4 5 6 7 |  7.0
Fighting       | 1 2 3 4 5 7 10 12 13 14 15 16 17 18 | 18.9
Short Blades   | 1 2 3 4 5 7 9 10 | 10.0
Spellcasting   | 3 4 5 7 8 9 10 11 12 | 12.0
Armour         | 1 2 3 4 6 7 8 9 10 12 13 14 15 | 15.0
Air Magic      | 2 7 9 10 | 10.0
Hexes          | 3 5 7 |  7.0
Dodging        | 3 5 6 9 10 11 15 | 15.0
Invocations    | 3 4 6 7 8 10 12 15 | 15.0
Evocations     | 4 6 8 9 10 | 10.0
Transmutations | 5 9 11 12 | 12.0
Shields        | 5 9 13 14 15 | 15.0
Slings         | 3 8 12 13 14 16 17 18 19 20 27 | 27.0
Conjurations   | 8 11 12 | 12.0
Translocations | 3 4 5 |  5.0
Stealth        | 3 |  3.0
Charms         | 5 7 |  7.0
Necromancy     | 3 5 |  5.0

Action                   |  1- 3 |  4- 6 |  7- 9 | 10-12 | 13-15 | 16-18 | 19-21 | 22-24 | 25-27 || total
-------------------------+-------+-------+-------+-------+-------+-------+-------+-------+-------++-------
Melee: Unarmed           |    13 |       |       |       |       |       |       |       |       ||    13
       Dagger            |    73 |   143 |   331 |   727 |  2117 |  1137 |   301 |    85 |     3 ||  4917
       Punch             |       |       |       |     3 |       |       |       |       |       ||     3
       Lajatang          |       |       |       |     6 |       |       |       |       |       ||     6
       Rapier            |       |       |       |       |   102 |       |     2 |       |       ||   104
       Scimitar          |       |       |       |       |     3 |    85 |       |       |       ||    88
       Hunting sling     |       |       |       |       |       |       |       |     2 |       ||     2
       Quick blade       |       |       |       |       |       |       |       |       |   196 ||   196
 Fire: Hunting sling     |       |       |       |       |     1 |  1751 |  2529 |  4636 |  6206 || 15123
Throw: Stone             |    10 |    21 |    38 |    18 |       |     5 |       |       |       ||    92
       Tomahawk          |       |       |       |    35 |   136 |   323 |       |       |       ||   494
       Throwing net      |       |       |       |     1 |     2 |       |       |     4 |     7 ||    14
 Cast: Summon Small Mamm |    26 |       |       |       |       |       |       |       |       ||    26
       Call Imp          |    16 |    27 |    38 |     1 |       |       |       |       |       ||    82
       Call Canine Famil |       |     2 |     6 |     8 |     1 |       |       |     1 |       ||    18
       Summon Lightning  |       |       |    11 |    83 |    83 |    60 |       |       |       ||   237
       Summon Guardian G |       |       |       |     2 |       |       |       |     1 |       ||     3
       Sticks to Snakes  |       |       |       |     4 |    21 |    20 |       |       |       ||    45
       Irradiate         |       |       |       |       |       |     1 |    64 |   124 |   157 ||   346
       Apportation       |       |       |       |       |       |       |     1 |     1 |    97 ||    99
       Repel Missiles    |       |       |       |       |       |       |       |     6 |    17 ||    23
       Blink             |       |       |       |       |       |       |       |     1 |    14 ||    15
       Regeneration      |       |       |       |       |       |       |       |       |     1 ||     1
       Yara's Violent Un |       |       |       |       |       |       |       |       |     1 ||     1
Invok: Heroism           |       |       |       |     8 |    44 |    48 |    11 |     9 |    25 ||   145
       Finesse           |       |       |       |     1 |    10 |     7 |     3 |     3 |    24 ||    48
Evoke: Wand              |       |       |       |    35 |    49 |    46 |    13 |    26 |    55 ||   224
       Stone of tremors  |       |       |       |       |     1 |     7 |     4 |     6 |     6 ||    24
       Lamp of fire      |       |       |       |       |       |       |     6 |    13 |     9 ||    28
       Phial of floods   |       |       |       |       |       |       |       |     1 |     3 ||     4
       Rod               |       |       |       |       |       |       |       |     7 |    37 ||    44
       Sack of spiders   |       |       |       |       |       |       |       |       |     3 ||     3
       Phantom mirror    |       |       |       |       |       |       |       |       |     1 ||     1
       Fan of gales      |       |       |       |       |       |       |       |       |     1 ||     1
  Use: Potion            |     1 |       |     1 |     3 |    18 |     9 |     3 |     7 |    22 ||    64
       Scroll            |       |     9 |     9 |    21 |    22 |    12 |     5 |    26 |    37 ||   141
 Stab: Sleeping          |     4 |     3 |     4 |     5 |     1 |       |       |       |       ||    17
       Distracted        |     2 |       |     3 |    10 |    20 |    12 |       |       |       ||    47
       Invisible         |       |       |       |     2 |       |       |       |       |       ||     2
       Held in net/web   |       |       |       |     1 |     1 |       |       |     5 |    14 ||    21
       Paralysed         |       |       |       |       |     5 |     6 |     3 |     1 |    17 ||    32
  Eat: Chunk             |     7 |     6 |    18 |    39 |    42 |    28 |    22 |     1 |    16 ||   179
       Pizza             |       |     1 |       |     3 |     2 |     1 |     1 |       |     6 ||    14
       Fruit             |       |       |     3 |     2 |       |       |       |     3 |     6 ||    14
       Royal jelly       |       |       |       |     1 |       |     1 |     1 |     1 |     1 ||     5
       Meat ration       |       |       |       |     1 |     5 |     1 |     5 |     4 |     9 ||    25
       Bread ration      |       |       |       |       |       |     3 |       |     7 |     9 ||    19
       Beef jerky        |       |       |       |       |       |     6 |       |     1 |     8 ||    15
Armor: Robe              |    24 |     6 |       |       |       |       |       |       |       ||    30
       Leather armour    |       |    19 |    97 |   104 |   149 |       |       |       |       ||   369
       Scale mail        |       |       |       |       |   125 |   510 |   279 |       |       ||   914
       Chain mail        |       |       |       |       |       |       |     8 |   655 |   872 ||  1535
Dodge: Dodged            |    76 |    69 |   144 |   265 |   442 |   492 |   373 |   492 |   930 ||  3283
       Deflected         |       |       |       |       |       |       |       |    31 |   111 ||   142
Block: Shield            |       |       |       |    12 |   844 |  1277 |   919 |  1265 |  1772 ||  6089

Vault maps used:
D:1:      mrwooster_arrival_statue_2
D:2:      nemelex_xobeh_ov_fountains_minmay, nicolae_overflow_hidden_temple,
          corexii_corridor_pit
D:3:      corexii_shack_village, overflow_temple_1_default
D:4:      grunt_temple_overflow_magic_moments, lemuel_crystal_altar,
          st_stairs_6, hangedman_decor_opposing, uniq_edmund
D:5:      kennysheep_mini_moat, minmay_temple_entry_statues_fountains,
          first_bread, lemuel_flame_loot_1
D:6:      portal_sewer_entry_a, kennysheep_windowed_goal, uniq_duvessa
D:7:      serial_glass, glass_columns_c, glass_columns_c, glass_columns_c,
          glass_columns_a, minmay_strange_pillars, grunt_ogre_cave
D:8:      okawaru_humans, grunt_temple_overflow_open, lair_0_dummy
D:9:      lemuel_ice_spiral_2, uniq_grum
D:10:     serial_shops, kennysheep_little_box, kb_rosetta
D:11:     boulder_corridor_run, st_stairs_10
D:12:     special_room, uniq_nessos, uniq_psyche, uniq_snorg
D:13:     grunt_vaults_entry_tiered, serial_shops, shop
D:14:     serial_shops, shop, nicolae_ru_awakened_eye
D:15:     grunt_enter_depths_giant_problem, serial_shops, freezing_bzr, shop,
          shop, uniq_urug
Temple:   grunt_temple_mini_profane_8
Lair:2:   basic_altar
Lair:3:   serial_bayou_shore_a, infiniplex_staircase_pool
Lair:4:   nicolae_swamp_entry_splash_gauntlet, grunt_megastairs_4, uniq_harold
Lair:5:   serial_bayou_pond_a, grunt_megastairs_2
Lair:6:   minmay_snake_entry_six_corridors, dpeg_slime_entry_enclosed_altar,
          enter_volcano_3
Lair:7:   portal_ice_cave_entry_animals_and_master
Lair:8:   minmay_lair_end_enchanted_forest, bh_autumn_forest_stairs
Swamp:1:  hangedman_swamp_ruin_wall
Swamp:2:  evilmike_swamp_ruin_house_4, swamp_pool3
Swamp:3:  serial_swamp_ruin, evilmike_swamp_ruin_house_2,
          evilmike_swamp_ruin_house_3, swamp_pool4
Swamp:4:  swamp_old_school, swamp_pool3
Snake:1:  special_room, serial_shops, shop
Snake:2:  serial_shops, shop, shop, shop, shop, shop, serial_bayou_shore_b,
          uniq_vashnia
Snake:3:  st_stairs_3, serial_bayou_shore_b
Snake:4:  snake_hunt, serial_shops, shop, st_stairs_11
Orc:2:    st_orc_ogre_mass, serial_shops, nicolae_shop_trees,
          nicolae_orc_rockfall
Elf:1:    minmay_elf_crystal_heptagon
Elf:2:    serial_glass, glass_columns_b, glass_columns_a, uniq_jorgrun
Elf:3:    grunt_elf_hall_branching, special_room
Vaults:1: hangedman_vaults_trim, hangedman_vaults_slice,
          nicolae_vaults_little_squares_1, v_rooms_2, v_misc_22,
          vaults_room_large_hall, v_alt_pattern_4, v_alt_pattern_3,
          vaults_room_ringed_pool, special_room_vaults,
          ontoclasm_vaults_decontamination, hangedman_vaults_stretched_pinwheel,
          vaults_dpeg_diagonal, vaults_room_hallway, serial_shops,
          nicolae_shop_stone
Vaults:2: nicolae_vaults_windows_and_doors_thing, v_rooms_1,
          vaults_standard_mumra_enter_the_diamond, st_squares,
          ontoclasm_vaults_ligature, vaults_room_grid, v_alt_pattern_5,
          v_misc_30, nicolae_vaults_yaktaur_gun_rack, grunt_vaults_hallway_long,
          vaults_room_semicircle, uniq_mara
Vaults:3: v_misc_1, minmay_crypt_entry_simple_round, ontoclasm_vaults_tryst,
          nicolae_vaults_little_squares_4, v_misc_29, vaults_dpeg_hooks,
          v_misc_10, v_misc_28, nicolae_vaults_little_squares_5,
          ontoclasm_vaults_gateway, ontoclasm_vaults_loading_screen,
          nicolae_vaults_gold_heap, nicolae_vaults_little_squares_6,
          sword_in_stone, grunt_vaults_twisty
Vaults:4: hangedman_vaults_locks, hangedman_vaults_corner_blocks,
          vaults_room_pool, nicolae_vaults_alarming,
          vaults_room_grunt_arrival_checkpoint, nicolae_vaults_rhombus_7,
          hangedman_vaults_cutoff, grunt_vaults_trifunnel, grunt_vaults_swirl,
          ontoclasm_vaults_loading_screen, nicolae_vaults_little_squares_3,
          vaults_room_semicircle, nicolae_vaults_display_case, serial_shops,
          nicolae_shop_waterfront
Crypt:2:  basic_altar, minmay_misc_feat_alley, grunt_megastairs_3
Crypt:3:  evilmike_haunted_forest
Depths:1: enter_ziggurat_c, pf_hell_entry_tar_river, serial_shops,
          kennysheep_mini, lightli_gold_pyramid
Depths:2: hangedman_box_tower, tso_metal_star, grunt_pan_entry_zigzag,
          hangedman_coc_ice_floe, serial_shops, shop,
          abyss_entry_small_statue_room
Depths:3: nooodl_heptagram, grunt_pan_entry_in_and_out, hell_entry,
          serial_sigils_hangedman_confine, minmay_door_square, moated_statue
Depths:4: kennysheep_large_vault, minmay_misc_feat_cross, abyss_entry,
          lightli_too_deep, minmay_staircase_statues
Depths:5: evilmike_zot_entry_basic, pf_vacation_house_of_asmodeus,
          abyss_entry_crystal, cheibriados_altar_1, grunt_ministairs_10
Zot:1:    zot_minivault_4
Zot:2:    kennysheep_six_static_rooms
Zot:3:    hangedman_zot_decor_checkerboard, grunt_ministairs_8,
          st_single_dragon_hoard_2, st_large_dragon_hoard_4
Zot:4:    st_stairs_7, lemuel_elevator
Zot:5:    hangedman_zot_decor_scrapings
Abyss:3:  grunt_abyss_rune_twisted_forest, due_exit_kobolds
Abyss:4:  bh_abyss_exit_choice, hangedman_decor_peaks_small,
          evilmike_abyss_exit_6
Bazaar:   bazaar_kb_twisted_cavern
Sewer:    kennysheep_pipe_town
IceCv:    ice_cave_small_necro
Volcano:  volcano_caves
